 Dungeon Crawl Stone Soup version 0.28-a0-2-g643f2454ad (webtiles) character file.

Game seed: 17045838401962977758

1 elagabalus the Chopper (level 1, 11/20 HPs)
             Began as a Deep Dwarf Berserker on July 21, 2021.
             Was a Follower of Trog.
             Quit the game on level 1 of the Dungeon on July 22, 2021.
             The game lasted 00:01:14 (47 turns).

elagabalus the Chopper (Deep Dwarf Berserker)         Turns: 47, Time: 00:01:14

Health: 11/20      AC:  2    Str: 20    XL:     1   Next: 16%
Magic:  1/1        EV: 12    Int:  7    God:    Trog [*.....]
Gold:   8          SH:  0    Dex: 12    Spells: 0/0 levels left

rFire   . . .      SeeInvis .   a - +0 hand axe
rCold   . . .      Faith    .   (no shield)
rNeg    . . .      Spirit   .   b - +0 animal skin
rPois   .          Reflect  .   (no helmet)
rElec   .          Harm     .   (no cloak)
rCorr   .          Rampage  .   (no gloves)
Will    .....                   (no boots)
Stlth   +.........              (no amulet)
HPRegen 0.00/turn               (no ring)
MPRegen 0.07/turn               (no ring)

@: no status effects
A: damage resistance, heal wounds, sense surroundings 1, no regeneration
a: Heal Wounds, Renounce Religion, Berserk


You were on level 1 of the Dungeon.
You worshipped Trog.
Trog was aware of your devotion.
You visited 1 branch of the dungeon, and saw 1 of its levels.

You collected 8 gold pieces.

Inventory:

Hand Weapons
 a - a +0 hand axe (weapon)
Armour
 b - a +0 animal skin (worn)


   Skills:
 * Level 2.7 Fighting
 + Level 3.3 Axes
 - Level 2.1 Armour
 - Level 2.1 Dodging


You couldn't memorise any spells.
You didn't know any spells.
Your spell library contained the following spells:

 Spells                   Type           Power      Damage    Failure   Level
 Magic Dart               Conj           0%         1d3       43%         1
 Call Imp                 Summ           0%         N/A       56%         2
 Mephitic Cloud           Conj/Pois/Air  0%         N/A       80%         3


Dungeon Overview and Level Annotations

Branches:
Dungeon (1/15)

Altars:


Innate Abilities, Weirdness & Mutations

You are resistant to damage.
You can heal yourself by infusing magical energy.
You passively map a small area around you.
You do not regenerate.


Message History

Welcome, elagabalus the Deep Dwarf Berserker.
Will you be the one to retrieve the transcendent Orb of Zot from the depths?
Trog says: Kill them all!
Press ? for a list of commands and other information.
Found a staircase leading out of the dungeon.
Found a book of Minor Magic.
You see here a book of Minor Magic.
You pick up a book of Minor Magic and begin reading...
You add the spells Magic Dart, Call Imp and Mephitic Cloud to your library.
Found 8 gold pieces.
A quokka comes into view.
You barely miss the quokka. The quokka misses you.
You hit the quokka but do no damage. The quokka bites you.
The quokka bites you but does no damage.
You barely miss the quokka. The quokka bites you.
You hit the quokka but do no damage. The quokka bites you.
You closely miss the quokka.
The quokka bites you but does no damage.
The quokka barely misses you.
You hit the quokka.
The quokka is almost dead.
The quokka misses you.
You hit the quokka.
You kill the quokka!
Trog accepts your kill.
You now have 8 gold pieces.
You see here a quokka corpse.
You see here a quokka corpse.
Welcome back, elagabalus the Deep Dwarf Berserker.
Trog says: Kill them all!
Press ? for a list of commands and other information.
Are you sure you want to abandon this character and quit the game? (Confirm with "yes".)

, #........ ,
#.#####..#* #........#
, #######†## * *
###.### , , #.....#
#.########.###.#####..
#.........# #........
#.###@####.###.#####.#
* , #.# #.....# #.#
###.### , ,** #.# #.#
, ,, *, #.. #.# * ###
#.# , #.#* * * , * #.#
,* ** #.##


There were no monsters in sight!

Vanquished Creatures
  A quokka (D:1)
1 creature vanquished.

Notes
Turn   | Place    | Note
-------+----------+-------------------------------------------
     0 | D:1      | elagabalus the Deep Dwarf Berserker began the quest for the
                  | Orb.
     0 | D:1      | Reached XP level 1. HP: 20/20 MP: 1/1
    47 | D:1      | Upgraded the game from 0.27-a0-1595-g0b823d0a13 to
                  | 0.28-a0-2-g643f2454ad
    47 | D:1      | Quit the game

Illustrated notes

Levels and vault maps discovered:
D:1:      roderic_dead_forest, layout_loops_ring,
          dreamdust_ecumenical_altar_sealed_demon

Action                   || total
-------------------------++-------
Melee: Hand axe          ||     7
Armor: Animal skin       ||     2
Dodge: Dodged            ||     3

Table legend: (Time is in decaauts)
 A = Elapsed time spent in this place.
 B = Non-inter-level travel time spent in this place.
 C = Inter-level travel time spent in this place.
 D = Time resting spent in this place.
 E = Time spent auto-exploring this place.
 F = Levels seen in this place.
 G = Mean time per level.
                   A        B        C        D        E       F      G
               +--------+--------+--------+--------+--------+-----+--------+
         Total |     48 |     27 |     21 |      0 |      0 |   1 |   48.0 |
       Dungeon |     48 |     27 |     21 |      0 |      0 |   1 |   48.0 |
               +--------+--------+--------+--------+--------+-----+--------+

Top non-repeatable levels by time:
     D:1: 48 daAuts
